 Dungeon Crawl Stone Soup version 0.31-a0-152-g6aa68a64a1 (webtiles) character file.

Game seed: 12887108840317310925

159 qw the Shooter (level 5, -4/46 HPs)
             Began as a Minotaur Hunter on June 9, 2023.
             Slain by a gnoll
             ... wielding a +0 spear
             ... led by a gnoll bouda
              (6 damage)
             ... on level 3 of the Dungeon.
             The game lasted 00:00:46 (1850 turns).

qw the Shooter (Minotaur Hunter)                    Turns: 1850, Time: 00:00:47

Health: -4/46      AC:  3    Str: 21    XL:     5   Next: 17%
Magic:  4/4        EV: 12    Int:  6    God:
Gold:   125        SH:  0    Dex: 16    Spells: 4/4 levels left

rFire   . . .        Y - +1 shortbow
rCold   . . .        (shield currently unavailable)
rNeg    . . .        c - +0 leather armour
rPois   .            (helmet restricted)
rElec   .            (no cloak)
rCorr   .            (no gloves)
SInv    .            (no boots)
Will    .....        (no amulet)
Stlth   +            h - +6 ring of strength
HPRegen 0.27/turn    (no ring)
MPRegen 0.09/turn

%: no passive effects
@: about to teleport
A: horns 2, retaliatory headbutt
a: no special abilities


You were on level 3 of the Dungeon.
You visited 1 branch of the dungeon, and saw 3 of its levels.

You collected 125 gold pieces.


Innate Abilities, Weirdness & Mutations

You have a pair of horns on your head.
You reflexively headbutt those who attack you in melee.


   Skills:
 - Level 4.0 Fighting
 + Level 6.4 Ranged Weapons
 - Level 2.1 Dodging
 - Level 0.7 Stealth


You had 4 spell levels left.
You didn't know any spells.
Your spell library was empty.

Inventory:

Hand Weapons
 Y - a +1 shortbow (weapon)
Armour
 c - a +0 leather armour (worn)
Jewellery
 b - an amulet of the acrobat
 h - a +6 ring of strength (left hand)
Scrolls
 a - 2 scrolls of teleportation
 k - a scroll of identify
Potions
 d - a potion of haste
 g - a potion of ambrosia {unknown}
 j - a potion of attraction {unknown}
 l - a potion of berserk rage {unknown}
 m - a potion of might

Dungeon Overview and Level Annotations

Branches:
Dungeon (3/15)

Altars:


Message History

The gnoll barely misses you.
You shoot an arrow. The arrow barely misses the quokka.
The arrow hits the gnoll.
The gnoll is heavily wounded.
The quokka bites you. The gnoll closely misses you. The quokka bites you.
You shoot an arrow. The arrow hits the quokka!
You kill the quokka!
The gnoll hits you from afar with a +0 spear.
You shoot an arrow. The arrow barely misses the gnoll.
The gnoll hits you from afar with a +0 spear.
The gnoll barely misses you.
You shoot an arrow. The arrow closely misses the gnoll.
The gnoll closely misses you. The gnoll hits you but does no damage.
You shoot an arrow. The arrow barely misses the gnoll.
The gnoll closely misses you. The gnoll hits you with a +0 whip.
You shoot an arrow.
The arrow hits the gnoll but does no damage.
The gnoll hits you from afar with a +0 spear.
The gnoll hits you with a +0 whip.
You shoot an arrow. The arrow hits the gnoll.
The gnoll is moderately wounded.
The gnoll hits you from afar with a +0 spear.
The gnoll hits you with a +0 whip. The gnoll hits you but does no damage.
The gnoll barely misses you. You furiously retaliate!
You headbutt the gnoll, but do no damage.
You shoot an arrow. The arrow hits the gnoll!
The gnoll is almost dead.
The gnoll hits you from afar with a +0 spear.
The gnoll hits you with a +0 whip.
1848 ||| READING 3 scrolls of teleportation.
As you read the scroll of teleportation, it crumbles to dust.
You feel strangely unstable. The gnoll barely misses you. x2
You shoot an arrow. The arrow closely misses the gnoll.
The gnoll hits you from afar with a +0 spear.
The gnoll closely misses you.
You shoot an arrow. The arrow barely misses the gnoll.
The gnoll is no longer moving quickly.
The gnoll hits you from afar with a +0 spear.
You die...

#%####.#.##### #.#
##.####.#...... #.#
#.....#.#..####
####.###..##.#.#..#
..........##.#.#..#
###......##.#.#..####
#.####.##.#........
#.###...#.###..##..
#g@...#.#.# #......
#%###...#.# ##.##..
grg...g.# #####.#
#.##.. #...###.# #.#
#.#### .. #.# #.# #.#
# #.# #.# #.# # #.#
#.# #.# #.# #.# #.#
#.# #.####.#


You could see 2 gnolls.

Vanquished Creatures
  A gnoll bouda (D:3)
  4 adders
  4 gnolls
  3 dart slugs
  4 giant cockroaches
  3 goblins
  4 hobgoblins
  4 jackals (D:2)
  4 kobolds
  4 quokkas
  10 ball pythons
  4 bats
  A frilled lizard (D:1)
  3 rats
53 creatures vanquished.

Notes
Turn   | Place    | Note
-------+----------+-------------------------------------------
     0 | D:1      | qw the Minotaur Hunter began the quest for the Orb.
     0 | D:1      | Reached XP level 1. HP: 18/18 MP: 0/0
     0 | D:1      | 0 ||| qw: Version: 0.2-a-121-gba3a3e5
     0 | D:1      | 0 ||| qw: Game counter: 3190
     0 | D:1      | 0 ||| qw: Always use a shield: true
     0 | D:1      | 0 ||| qw: God list: Okawaru
     0 | D:1      | 0 ||| qw: Allow faded altars: false
     0 | D:1      | 0 ||| qw: Do Orc after D:15 true
     0 | D:1      | 0 ||| qw: Do second Lair branch before Depths: true
     0 | D:1      | 0 ||| qw: Lair rune preference: random
     0 | D:1      | 0 ||| qw: Plans: Normal
     0 | D:1      | 0 ||| PLANNING D:1-11
    52 | D:1      | 52 ||| FLEEEEING.
    53 | D:1      | 53 ||| FLEEEEING.
    74 | D:1      | Reached XP level 2. HP: 23/25 MP: 1/1
    91 | D:1      | Reached skill level 5 in Ranged Weapons
   202 | D:1      | Reached skill level 3 in Fighting
   549 | D:1      | 549 ||| UPGRADING to +6 ring of strength.
   550 | D:1      | 550 ||| READING scroll labelled SEFRAU BAOHAOSTRA.
   554 | D:1      | 554 ||| READING scroll labelled RUNES UKIOPEAR.
   555 | D:1      | 555 ||| READING scroll labelled BAKEBR CIGEUGO.
   556 | D:1      | 556 ||| READING scroll labelled KILALAOMUPT.
   557 | D:1      | 557 ||| DROPPING scroll of butterflies.
   580 | D:2      | Reached XP level 3. HP: 24/31 MP: 2/2
   580 | D:2      | 580 ||| STAIRDANCE
   785 | D:2      | Reached XP level 4. HP: 29/38 MP: 3/3
   912 | D:2      | Reached skill level 6 in Ranged Weapons
  1648 | D:2      | 1648 ||| READING scroll labelled XUNEYCWOPN.
  1649 | D:2      | 1649 ||| READING scroll labelled YLYBRU GEVOG.
  1650 | D:2      | 1650 ||| READING 2 scrolls labelled MOKULO GI ALE.
  1651 | D:2      | 1651 ||| READING scroll labelled DEQUCE KIEXUG.
  1652 | D:2      | 1652 ||| READING scroll labelled RYPYARPH FATO.
  1653 | D:2      | 1653 ||| DRINKING 2 smoky orange potions.
  1654 | D:2      | 1654 ||| READING 2 scrolls of identify.
  1654 | D:2      | 1654 ||| IDENTIFYING glowing grey potion
  1655 | D:2      | 1655 ||| DROPPING scroll of vulnerability.
  1831 | D:3      | 1831 ||| Stepping ~*~*~tactically~*~*~ (outnumbered).
  1839 | D:3      | Reached XP level 5. HP: 43/46 MP: 4/4
  1847 | D:3      | HP: 9/46 [gnoll/+0 spear[a gnoll bouda] (3)]
  1848 | D:3      | 1848 ||| READING 3 scrolls of teleportation.
  1849 | D:3      | HP: 2/46 [gnoll/+0 spear[a gnoll bouda] (5)]
  1850 | D:3      | Slain by a gnoll

Levels and vault maps discovered:
D:1:      heliophobic_arrival_battle_scene, layout_rooms, serial_bayou_pond_d,
          minmay_pentomino_z4
D:2:      layout_basic, minmay_misc_feat_chi, chequers_avenue,
          chequers_serial_rivers_small_b, reono_crystal_passage,
          chequers_arboretum
D:3:      layout_loops_ring, mainiacjoe_overflow_alcove_2, uniq_ijyb

Skill      XL: |  1  2  3  4 |
---------------+-------------+-----
Ranged Weapons | 5 6 |  6.4
Fighting       | 3 4 |  4.0
Dodging        | |  2.1
Stealth        | |  0.7

Action                     |  1- 3 |  4- 6 || total
---------------------------+-------+-------++-------
   Fire: Shortbow          |    95 |    70 ||   165
    Use: Scroll            |     4 |     7 ||    11
         Potion            |       |     1 ||     1
 Armour: Leather armour    |    12 |     6 ||    18
  Dodge: Dodged            |    48 |    21 ||    69

Table legend:
 A = Non-vault XP
 B = Vault XP
 C = Vault XP percentage of total XP
 D = Non-vault monster count
 E = Vault monster count
 F = Vault count percentage of total count
                 A         B        C        D         E       F
            +---------+---------+-------+---------+---------+-------
      Total |     222 |       6 |   2.6 |      50 |       3 |   5.7
            +---------+---------+-------+---------+---------+-------
        D:1 |      33 |       6 |  15.4 |      18 |       3 |  14.3
        D:2 |     102 |       0 |   0.0 |      25 |       0 |   0.0
        D:3 |      87 |       0 |   0.0 |       7 |       0 |   0.0
            +---------+---------+-------+---------+---------+-------
